 Dungeon Crawl Stone Soup version 0.17-a0-1450-g7e755d1 (webtiles) character file.

81 Sirial the Insei (level 4, -1/24 HPs)
             Began as a Vine Stalker Monk on June 30, 2015.
             Killed by Freeze
             ... invoked by Sirial's ghost
              (4 damage)
             ... on level 3 of the Dungeon.
             The game lasted 00:08:58 (1889 turns).

Sirial the Insei (Vine Stalker Monk)                Turns: 1889, Time: 00:08:58

Health: -1/24      AC:  2    Str: 12 (14) XL:     4   Next: 42%
Magic:  0/5        EV: 13    Int: 10      God:
Gold:   144        SH:  0    Dex: 17      Spells: 0 memorised, 3 levels left

rFire  . . .     SeeInvis .       - Unarmed
rCold  . . .     Clarity  +     a - +0 robe
rNeg   . . .     SustAt   .     (no shield)
rPois  .         Gourm    .     (no helmet)
rElec  .         Spirit   +     (no cloak)
rCorr  .         Warding  .     (no gloves)
rMut   .         Stasis   .     (no boots)
MR     .....                    j - amulet of clarity
Stlth  ++........               (no ring)
                                g - ring of invisibility

@: not resistant to hostile enchantments, unstealthy
A: fangs 2, regeneration 1, magic shield, antimagic bite, no device heal 3, rot
immunity
a: Evoke Invisibility


You were on level 3 of the Dungeon.
You were not hungry.

You visited 1 branch of the dungeon, and saw 3 of its levels.

You collected 144 gold pieces.

Inventory:

Hand weapons
 r - a +0 long sword of protection
 s - a +0 lajatang
Armour
 a - a +0 robe (worn)
 f - a +0 hat
 h - a +1 pair of gloves
 o - a +0 pair of boots
Rods
 p - a +0 rod of the swarm (14/14)
   (You found it on level 2 of the Dungeon)
Jewellery
 g - a ring of invisibility (left hand)
 i - an uncursed amulet of the gourmand {unknown}
 j - an amulet of clarity (around neck)
 n - a cursed amulet of resist corrosion {unknown}
Scrolls
 e - a scroll of remove curse
 k - a scroll of enchant armour
 m - a scroll of recharging
 q - a scroll of enchant weapon
Comestibles
 b - 3 bread rations
 c - 3 meat rations
 d - a beef jerky
 l - a slice of pizza


   Skills:
 + Level 3.1 Fighting
 + Level 3.0 Dodging
 + Level 3.1 Stealth
 + Level 4.7 Unarmed Combat


You had 3 spell levels left.
You didn't know any spells.

Dungeon Overview and Level Annotations

Branches:
Dungeon (3/15)

Altars:
The Shining One

Annotations:
D:3 Sirial's ghost, average DsIE


Innate Abilities, Weirdness & Mutations

You have extremely sharp teeth.
Your natural rate of healing is unusually fast.
When hurt, damage is shared between your health and your magic reserves.
Your bite disrupts and absorbs the magic of your enemies.
Potions and wands cannot restore your health.
You are immune to rotting.


Message History

* * * LOW HITPOINT WARNING * * *
You aren't carrying any potions.
Read which item? (? for menu, Esc to quit)
Okay, then.
What do you say? t - Shout!
Orders for allies: a - Attack new target. r - Retreat! s - Stop attacking. w - Wait here. f - Follow me.
Anything else - Stay silent.
Okay, then.
You closely miss Sirial's ghost.
You bite Sirial's ghost, but do no damage.
Sirial's ghost is lightly damaged.
Sirial's ghost barely misses you.
You hit Sirial's ghost.
Sirial's ghost is lightly damaged.
Sirial's ghost gestures at you while chanting.
You are frozen.
You die...

#.# #.#.# .o #.# #.#.#
.. #.# #.#.# Wo
#.#######.#.### %.
#.............#####.# #.
#########............ #.
##############.........#
#.
.....(........##W#####.#
#.
############....@.......
#. #..##.......# ##
#..##.#######
########..##.#
#####............#
#..†.......†.....#
#.###.######..#..# #†#
#..#..# ###.# #...#..#


You could see Sirial's ghost.

Vanquished Creatures
  An adder (D:2)
  2 oozes
  2 worms (D:2)
  3 giant geckos
  A ball python (D:1)
  3 bats
  2 giant cockroaches (D:1)
  7 goblins
  10 hobgoblins
  4 jackals (D:3)
  6 kobolds
  4 quokkas
  3 giant newts
  8 rats
56 creatures vanquished.

Notes
Turn   | Place    | Note
--------------------------------------------------------------
     0 | D:1      | Sirial the Vine Stalker Monk began the quest for the Orb.
     0 | D:1      | Reached XP level 1. HP: 11/11 MP: 2/2
   232 | D:1      | Reached XP level 2. HP: 13/16 MP: 1/3
   670 | D:1      | Reached XP level 3. HP: 19/19 MP: 4/4
   924 | D:2      | Found a glowing golden altar of the Shining One.
  1291 | D:2      | Reached XP level 4. HP: 22/24 MP: 5/5
  1626 | D:3      | Noticed Sirial's ghost (average DsIE)
  1889 | D:3      | Killed from afar by Sirial's ghost

Vault maps used:
D:1:      dpeg_arrival_renting, minmay_hedge_maze, minivault_19,
          grunt_decor_arrowhead, hangedman_feature_mirror, serial_bayou_lagoon_a
D:2:      nicolae_tso_carved_into_rock
D:3:      nemelex_xobeh_ov_fountains_minmay, first_bread, uniq_terence

Action                   |  1- 3 |  4- 6 || total
-------------------------+-------+-------++-------
Melee: Unarmed           |    97 |    60 ||   157
  Use: Scroll            |     4 |     5 ||     9
       Potion            |     7 |     2 ||     9
 Stab: Sleeping          |     4 |     2 ||     6
       Distracted        |     1 |       ||     1
  Eat: Meat ration       |     1 |       ||     1
